 Dungeon Crawl Stone Soup version 0.20.0-15-g7f486f2 (webtiles) character file.

185 sankara the Ruffian (level 5, -4/44 HPs)
             Began as a Draconian Transmuter on June 25, 2017.
             Slain by Crazy Yiuf
             ... wielding a +2 quarterstaff of chaos
              (13 damage)
             ... on level 3 of the Dungeon.
             The game lasted 00:06:38 (2872 turns).

sankara the Ruffian (Draconian Transmuter)          Turns: 2872, Time: 00:06:39

Health: -4/44      AC:  2    Str: 13    XL:     5   Next: 37%
Magic:  6/8        EV: 19    Int: 13    God:
Gold:   142        SH:  0    Dex: 17    Spells: 2/8 levels left

rFire    . . .     SeeInvis .     - Unarmed
rCold    . . .     Gourm    .   (shield currently unavailable)
rNeg     . . .     Faith    .   (armour unavailable)
rPois    x         Spirit   .   (helmet currently unavailable)
rElec    .         Reflect  .   (cloak currently unavailable)
rCorr    .         Harm     .   (gloves currently unavailable)
MR       .....                  (boots currently unavailable)
Stlth    ++........             (no amulet)
Regen    0.2/turn               (no ring)
MPRegen  0.2/turn               (no ring)

@: spider-form (expiring)
A: unfitting armour, AC +5
a: End Transformation


You were on level 3 of the Dungeon.
You were not hungry.
You were a venomous arachnid creature.
You visited 1 branch of the dungeon, and saw 3 of its levels.

You collected 142 gold pieces.

Inventory:

Missiles
 a - 68 arrows
Armour
 t - a +1 pair of boots (melded)
Jewellery
 p - an uncursed ring of fire
Scrolls
 m - a scroll of enchant weapon
 n - 3 scrolls of identify
 q - a scroll of fog {unknown}
 s - a scroll of teleportation
Potions
 e - 2 potions of mutation {unknown}
 h - a potion of berserk rage {unknown}
 i - 3 potions of resistance {unknown}
 j - a potion of lignification
 l - 2 potions of haste {unknown}
 o - 2 potions of curing {unknown}
 u - 2 potions of agility {unknown}
Books
 b - a book of Changes

   Spells                             Type                      Level
   a - Beastly Appendage              Transmutation                1
   b - Sticks to Snakes               Transmutation                2
   c - Spider Form                    Transmutation/Poison         3
   d - Ice Form                       Ice/Transmutation            4
   e - Blade Hands                    Transmutation                5
Comestibles
 c - 3 bread rations
 g - 3 meat rations
 k - 2 fruits
 r - a royal jelly


   Skills:
 + Level 2.8 Fighting
 + Level 1.7 Dodging
 * Level 4.8 Unarmed Combat
 - Level 2.0 Spellcasting
 + Level 3.3 Transmutations


You had 2 spell levels left.
You knew the following spells:

 Your Spells              Type           Power        Failure   Level  Hunger
a - Beastly Appendage     Tmut           #.....       19%         1    ##.....
b - Sticks to Snakes      Tmut           #.......     24%         2    ###....
c - Spider Form           Tmut/Pois      #.........   58%         3    ####...


Dungeon Overview and Level Annotations

Branches:
Dungeon (3/15)

Altars:

Annotations:
D:3 Crazy Yiuf


Innate Abilities, Weirdness & Mutations

((Your plain brown scales are hard. (AC +5)))
You cannot fit into any form of body armour.
((You are cold-blooded and may be slowed by cold attacks.))


Message History

You climb downwards.
Level annotation: Crazy Yiuf
There is a stone staircase leading up here.
Crazy Yiuf shouts!
Crazy Yiuf hits you with a quarterstaff of chaos!
Crazy Yiuf burns you.
You hit Crazy Yiuf.
Crazy Yiuf is poisoned.
Crazy Yiuf is lightly wounded.
Crazy Yiuf hits you with a quarterstaff of chaos!
* * * LOW HITPOINT WARNING * * *
You are too injured to fight recklessly!
You are too injured to fight recklessly!
You are too injured to fight recklessly!
You are too injured to fight recklessly!
There is a stone staircase leading up here.
You hit Crazy Yiuf.
Crazy Yiuf looks as sick as possible!
Crazy Yiuf is severely wounded.
Crazy Yiuf twirls on the spot.
Crazy Yiuf hits you with a quarterstaff of chaos!
You die...

####.......###.# #.#
#.# ..........## #.#
#.####.###
######...## #.#
#........# ##### #.#
######.#.# #.###
#.#.# ##...## #.#.#
##.###.######.#.#
##.#####.......#>#
####.## #sg..####.#.#
#>...# #.#.[####.#.#
#.##.## #....#....#.#
#.###.#####.##.####.#
#.# ##.###.###รท# #.#
#.# ##....###.####.#
#.# ##.....)......#
#.# #####.#.###..#
#.# #.#......#


You could see Crazy Yiuf.

Vanquished Creatures
  An orc wizard (D:3)
  5 adders
  4 gnolls (D:3)
  A worm (D:3)
  A dart slug (D:2)
  2 leopard geckos
  5 orcs (D:3)
  8 bats
  8 goblins
  5 hobgoblins
  3 jackals (D:1)
  3 ball pythons
  5 frilled lizards
  9 kobolds
  14 rats
74 creatures vanquished.

Notes
Turn   | Place    | Note
-------+----------+-------------------------------------------
     0 | D:1      | sankara the Draconian Transmuter began the quest for the Orb.
     0 | D:1      | Reached XP level 1. HP: 16/16 MP: 3/3
   237 | D:1      | Reached XP level 2. HP: 23/23 MP: 5/5
   241 | D:1      | Learned a level 2 spell: Sticks to Snakes
   921 | D:2      | Reached XP level 3. HP: 29/29 MP: 6/6
   926 | D:2      | Learned a level 3 spell: Spider Form
  1135 | D:2      | Reached skill level 4 in Unarmed Combat
  1373 | D:2      | Reached XP level 4. HP: 34/36 MP: 7/7
  1667 | D:3      | Reached XP level 5. HP: 36/42 MP: 5/8
  2283 | D:3      | Found a runed door.
  2548 | D:3      | Noticed Crazy Yiuf
  2552 | D:3      | Paralysed by Crazy Yiuf for 3 turns
  2872 | D:3      | Slain by Crazy Yiuf

Skill      XL: |  1  2  3  4 |
---------------+-------------+-----
Fighting       | 2 |  2.8
Unarmed Combat | 4 |  4.8
Transmutations | 3 |  3.3
Dodging        | |  1.7
Spellcasting   | |  2.0

Action                   |  1- 3 |  4- 6 || total
-------------------------+-------+-------++-------
Melee: Unarmed           |   124 |   110 ||   234
       Tailslap          |     9 |     4 ||    13
       Punch             |     2 |     2 ||     4
       Headbutt          |     1 |     1 ||     2
 Cast: Beastly Appendage |     1 |     1 ||     2
       Spider Form       |     1 |     6 ||     7
  Use: Scroll            |       |     4 ||     4
 Stab: Distracted        |     1 |       ||     1
       Sleeping          |       |     1 ||     1
  Eat: Chunk             |     2 |     5 ||     7
Armor: Skin              |    42 |    22 ||    64
Dodge: Dodged            |    80 |    67 ||   147
